Map: Automaton LE

Players

Sketchaphone

  • Race: Zerg Zerg
  • Spawn Location: 9:00

Lingo - Winner!

  • Race: Zerg Zerg
  • League: Gold
  • Spawn Location: 3:00

VOD

Have the link to the VOD?

Description

Time

  • Played on: Jan. 5, 2019, 2:28 p.m.
  • Length: 6:07
Show
View Real Time Build Order
Export as new Build Order

Sketchaphone Zerg 

Build Orders: Hatch First 

Get SALT Encoding   

  12  0:06  Drone  
  13  0:09  Drone  
  14  0:17  Overlord  
  14  0:36  Drone x2  
  14  0:40  Drone  
  17  0:57  Hatchery  
  16  1:12  Spawning Pool  
  16  1:17  Drone, Extractor  
  15  1:19  Drone  
  16  1:29  Drone x2  
  18  1:39  Overlord  
  18  1:53  Drone  
  19  2:02  Drone  
  20  2:13  Queen  
  22  2:15  Queen  
  22  2:18  Drone  
  22  2:22  Metabolic Boost  
  25  2:37  Zergling x8  
  25  2:38  Overlord  
  29  2:50  Zergling x4  
  31  3:03  Overlord  
  31  3:05  Zergling x4  
  33  3:15  Zergling x2  
  33  3:16  Zergling x2  
  33  3:19  Pneumatized Carapace  
  35  3:32  Zergling x2  
  36  3:37  Zergling x4  
  38  3:44  Baneling Nest  
  36  3:54  Zergling x12  
  34  4:10  Drone x4  
  37  4:21  Zergling x6  
  37  4:22  Overlord  
  37  4:51  Spine Crawler, Baneling x5  
  37  4:52  Zergling x18, Baneling  
  45  4:55  Drone  
  39  5:24  Drone  
  39  5:25  Overlord, Drone x6  
  38  5:43  Spine Crawler x3  
  38  5:45  Zergling x6  
Show
View Real Time Build Order
Export as new Build Order

Lingo Zerg - Winner!

Build Orders: Hatch First 

Get SALT Encoding   

  12  0:02  Drone  
  13  0:13  Overlord  
  13  0:18  Drone  
  14  0:35  Drone x2  
  15  0:36  Drone  
  17  0:46  Drone  
  18  1:00  Hatchery  
  18  1:02  Drone  
  18  1:08  Drone  
  19  1:18  Drone  
  20  1:28  Spawning Pool  
  20  1:29  Overlord  
  19  1:37  Extractor  
  18  1:40  Drone  
  19  1:50  Drone  
  20  2:03  Drone  
  21  2:12  Drone  
  21  2:13  Drone  
  23  2:17  Queen x2  
  28  2:22  Drone  
  28  2:26  Drone  
  28  2:28  Roach Warren  
  28  2:33  Drone  
  28  2:35  Drone  
  30  2:44  Metabolic Boost  
  30  2:45  Drone x2  
  32  2:55  Drone  
  33  3:02  Extractor  
  32  3:08  Overlord x2  
  32  3:11  Roach  
  34  3:18  Roach  
  36  3:27  Roach  
  37  3:28  Roach x2  
  41  3:34  Zergling x2  
  41  3:35  Zergling x8  
  41  3:36  Zergling x2  
  47  3:44  Roach  
  49  3:51  Zergling x4  
  44  4:04  Roach x2  
  48  4:10  Roach  
  48  4:12  Zergling x2  
  51  4:20  Zergling x2  
  52  4:26  Overlord  
  52  4:38  Extractor  
  49  4:42  Roach x3  
  49  4:43  Overlord  
  52  4:50  Zergling x2  
  53  4:53  Queen  
  55  5:07  Lair  
  54  5:22  Roach x2, Zergling x2  
  54  5:23  Zergling x2  
  60  5:28  Spine Crawler  
  60  5:30  Spine Crawler, Zergling x2  
Tags
 
League
Gold
Matchup
ZvZ
Race
Zerg
Replay Pack
init
Spawn Locations
Cross Positions
Add a new tag
Caveats
  • Supply blocks, unpowered buildings, or Contaminate may cause inaccurate times.
  • Supply counts are checked every 10 seconds.